 Dungeon Crawl Stone Soup version 0.23.0 (webtiles) character file.

Game seed: 1199812997710097707

1319 Gadfly the Covert (level 8, -12/39 HPs)
             Began as a Spriggan Enchanter on Feb 18, 2019.
             Was an Initiate of Gozag.
             Killed from afar by an electric eel (17 damage)
             ... with a bolt of electricity
             ... on level 6 of the Dungeon.
             The game lasted 00:16:04 (6441 turns).

Gadfly the Covert (Spriggan Enchanter)              Turns: 6441, Time: 00:16:04

Health: -12/39     AC:  5    Str:  4    XL:     8   Next: 33%
Magic:  15/19      EV: 23    Int: 18    God:    Gozag
Gold:   353        SH:  0    Dex: 17    Spells: 8/20 levels left

rFire    . . .     SeeInvis +   a - +2 dagger (chaos)
rCold    . . .     Gourm    .   (shield restricted)
rNeg     . . .     Faith    .   b - +1 robe
rPois    .         Spirit   .   (helmet restricted)
rElec    .         Reflect  .   (no cloak)
rCorr    +         Harm     .   (gloves unavailable)
MR       +....                  (boots unavailable)
Stlth    ++........             (no amulet)
HPRegen  0.13/turn              l - ring of resist corrosion
MPRegen  0.16/turn              (no ring)

@: slow
A: very small, unfitting armour, repulsion field 1, thin metallic scales 1, see
invisible, blink, herbivore, speed 3, slow metabolism 2
a: Blink, Potion Petition, Call Merchant, Bribe Branch, Renounce Religion


You were on level 6 of the Dungeon.
You worshipped Gozag.
Gozag was aware of your devotion.
You were very hungry.

You visited 1 branch of the dungeon, and saw 6 of its levels.
You also visited: Sewer.

You collected 437 gold pieces.
You paid 84 gold pieces to Gozag.

Inventory:

Hand Weapons
 a - a +2 dagger of chaos (weapon)
 g - a +1 short sword of venom
 o - a +0 dagger of venom
Missiles
 r - 2 throwing nets (quivered)
Armour
 b - a +1 robe (worn)
Jewellery
 l - a ring of resist corrosion (left hand)
 u - an uncursed amulet of harm {unknown}
 v - an uncursed ring of positive energy
Scrolls
 c - 6 scrolls of teleportation
 e - 2 scrolls of enchant armour
 j - a scroll of blinking
 m - a scroll of remove curse
 n - 3 scrolls of identify
 q - a scroll of enchant weapon {unknown}
Potions
 f - a potion of agility
 h - 2 potions of brilliance
 i - 2 potions of flight
 k - 2 potions of resistance
 p - a potion of heal wounds
 s - 2 potions of curing
 t - a potion of lignification {unknown}
Comestibles
 d - 11 rations


   Skills:
 + Level 2.6 Fighting
 + Level 3.7 Short Blades
 + Level 5.9 Dodging
 * Level 9.2 Stealth
 * Level 6.7 Spellcasting
 + Level 5.5 Hexes


You had 8 spell levels left.
You knew the following spells:

 Your Spells              Type           Power        Failure   Level  Hunger
a - Corona                Hex            ####...      1%          1    None
b - Ensorcelled Hibernat  Hex/Ice        ###...       5%          2    None
c - Confuse               Hex            ####....     3%          3    ##.....
d - Tukima's Dance        Hex            ####....     3%          3    ##.....
e - Dazzling Spray        Conj/Hex       ###...       11%         3    ##.....

Your spell library contained the following spells:

 Spells                   Type           Power        Failure   Level  Hunger


Dungeon Overview and Level Annotations

Branches:
Dungeon (6/15)
 Temple: D:4-7

Altars:
Ashenzari
Cheibriados
Gozag
Makhleb
Okawaru
Qazlal
Xom
The Shining One

Annotations:
Abyss:1 Grinder


Innate Abilities, Weirdness & Mutations

You are very small and have problems with some larger weapons.
You are too small for most types of armour.
You have supernaturally acute eyesight. (SInv)
You are a herbivore.
You cover ground extremely quickly.
You need to consume almost no food.
You are surrounded by a mild repulsion field. (EV +2)
You are partially covered in thin metallic scales. (AC +2)
You can translocate small distances at will.


Message History

Confirm with . or Enter, or press ? or * to list all spells.
Aiming: Ensorcelled Hibernation (safe; 5% risk of failure)
Press: ? - help, Shift-Dir - straight line, f - electric eel
Aim: an electric eel (chance to defeat MR: 55%)
The electric eel resists with significant effort.
The electric eel shoots out a bolt of lightning at you!
The bolt of electricity hits you!
* * * LOW HITPOINT WARNING * * *
The bolt of electricity hits you.
* * * LOW HITPOINT WARNING * * *
Casting: Ensorcelled Hibernation (safe; 5% risk of failure)
Confirm with . or Enter, or press ? or * to list all spells.
Aiming: Ensorcelled Hibernation (safe; 5% risk of failure)
Press: ? - help, Shift-Dir - straight line, f/p - electric eel
Aim: an electric eel (chance to defeat MR: 55%)
The electric eel resists with significant effort.
The electric eel shoots out a bolt of lightning at you!
The bolt of electricity hits you!
You die...
Your body crumbles into a pile of gold.

P≈P≈≈≈≈≈≈
PP≈≈≈≈≈≈≈≈P≈
♣♣P≈≈≈≈≈≈≈≈≈≈
≈P≈≈≈≈≈≈≈≈≈≈
#♣♣≈≈≈≈≈≈≈≈≈≈P
#######@♣≈≈;≈≈≈≈≈≈≈P
#<.....≈♣≈P♣≈≈≈≈≈≈≈P
######).;≈PPPP≈≈≈≈♣
##.♣≈≈≈≈≈≈≈≈♣
#.≈≈≈♣P≈≈♣≈P≈♣
#.♣P≈≈P≈≈≈P≈≈♣
#..≈♣≈P♣≈≈≈≈≈≈
###♣♣♣≈≈≈≈≈≈♣≈
≈♣≈≈≈≈♣#


You could see an electric eel.

Vanquished Creatures
  A phantom (D:4)
  2 ogres
  2 centaurs (D:5)
  A scorpion (D:5)
  An electric eel (D:6)
  A centaur zombie (D:2)
  2 crimson imps
  2 hounds (D:4)
  A centaur skeleton (D:4)
  An iguana (D:4)
  2 worker ants
  An orc wizard (D:5)
  9 gnolls
  A river rat (D:3)
  6 adders
  A shadow imp (D:5)
  5 oozes
  An adder skeleton (D:4)
  7 worms
  3 dart slugs
  7 leopard geckos
  8 orcs
  8 giant cockroaches
  7 hobgoblins
  11 jackals
  5 quokkas
  2 ball pythons
  A ball python skeleton (D:5)
  16 bats
  5 frilled lizards
  11 goblins
  9 kobolds
  10 rats
150 creatures vanquished.

Vanquished Creatures (others)
  A plant (D:6)
1 creature vanquished.

Grand Total: 151 creatures vanquished

Notes
Turn   | Place    | Note
-------+----------+-------------------------------------------
     0 | D:1      | Gadfly the Spriggan Enchanter began the quest for the Orb.
     0 | D:1      | Reached XP level 1. HP: 9/9 MP: 5/5
   112 | D:1      | Reached XP level 2. HP: 13/13 MP: 7/7
   116 | D:1      | Learned a level 2 spell: Ensorcelled Hibernation
   397 | D:1      | Reached skill level 5 in Stealth
   655 | D:1      | Reached XP level 3. HP: 11/16 MP: 8/8
  1080 | D:2      | Learned a level 3 spell: Confuse
  1084 | D:2      | Learned a level 3 spell: Tukima's Dance
  1201 | D:2      | Reached XP level 4. HP: 21/21 MP: 6/10
  1746 | D:2      | Reached skill level 1 in Fighting
  1770 | D:2      | Reached XP level 5. HP: 13/25 MP: 8/12
  2216 | D:3      | Reached skill level 6 in Stealth
  2312 | D:3      | Found a glowing drain.
  2319 | Sewer    | Entered a sewer
  2342 | Sewer    | Gained mutation: You can translocate small distances at
                  | will. [potion of mutation]
  2342 | Sewer    | Gained mutation: You are surrounded by a mild repulsion
                  | field. (EV +2) [potion of mutation]
  2342 | Sewer    | Gained mutation: You are partially covered in thin metallic
                  | scales. (AC +2) [potion of mutation]
  3774 | D:3      | Found a burning altar of Makhleb.
  3775 | D:3      | Found a shimmering altar of Xom.
  3784 | D:3      | Reached XP level 6. HP: 30/30 MP: 8/13
  3955 | D:3      | Learned a level 3 spell: Dazzling Spray
  4123 | D:4      | Reached skill level 7 in Stealth
  4183 | D:4      | Reached skill level 5 in Spellcasting
  4277 | D:5      | Entered Level 5 of the Dungeon
  4916 | D:4      | Reached XP level 7. HP: 34/34 MP: 12/16
  5123 | D:4      | Found an opulent altar of Gozag.
  5132 | D:4      | Became a worshipper of Gozag Ym Sagoz the Greedy
  5453 | D:5      | Reached skill level 5 in Dodging
  5465 | D:5      | Reached skill level 8 in Stealth
  5465 | D:5      | Reached skill level 5 in Hexes
  5829 | D:5      | Found an iron altar of Okawaru.
  5845 | D:5      | Found a glowing golden altar of the Shining One.
  5861 | D:5      | Noticed Grinder
  5946 | D:5      | Banished Grinder
  5946 | D:5      | Reached XP level 8. HP: 39/39 MP: 2/18
  5990 | D:5      | Reached skill level 9 in Stealth
  6056 | D:5      | Found a stormy altar of Qazlal.
  6214 | D:5      | Found a shattered altar of Ashenzari.
  6229 | D:5      | Found a snail-covered altar of Cheibriados.
  6441 | D:6      | Killed from afar by an electric eel

Skill      XL: |  1  2  3  4  5  6  7  8 |
---------------+-------------------------+-----
Spellcasting   | 3 4 5 6 |  6.7
Stealth        | 5 6 7 8 9 |  9.2
Hexes          | 4 5 |  5.5
Fighting       | 1 2 |  2.6
Short Blades   | 2 3 |  3.7
Dodging        | 4 5 |  5.9

Action                   |  1- 3 |  4- 6 |  7- 9 || total
-------------------------+-------+-------+-------++-------
Melee: Dagger            |    98 |   263 |    72 ||   433
 Cast: Ensorcelled Hiber |     7 |    37 |    18 ||    62
       Confuse           |     1 |       |     4 ||     5
  Use: Scroll            |       |    12 |       ||    12
       Potion            |       |     5 |       ||     5
 Stab: Sleeping          |    15 |    42 |    13 ||    70
       Confused          |     3 |     1 |     1 ||     5
       Distracted        |       |     1 |       ||     1
       Paralysed         |       |     1 |     2 ||     3
  Eat: Ration            |       |     2 |       ||     2
Armor: Robe              |     3 |    35 |     6 ||    44
Dodge: Dodged            |    63 |   253 |    59 ||   375
